Map: Neon Violet Square LE

Players

Cellsidus

  • Race: Zerg Zerg
  • League: Master
  • Spawn Location: 5:00

Bufoor - Winner!

  • Race: Terran Terran
  • League: Master
  • Spawn Location: 11:00

VOD

Have the link to the VOD?

Description

Time

  • Played on: March 31, 2018, 8:32 a.m.
  • Length: 15:02
Show
View Real Time Build Order
Export as new Build Order

Cellsidus Zerg 

Build Orders: Hatch First 

Get SALT Encoding   

  12  0:00  Drone  
  13  0:13  Overlord  
  13  0:18  Drone  
  14  0:31  Drone x2  
  16  0:43  Drone  
  17  0:52  Hatchery  
  17  0:56  Drone  
  17  1:00  Drone  
  18  1:10  Extractor  
  17  1:16  Spawning Pool  
  17  1:18  Drone  
  17  1:22  Drone  
  18  1:31  Drone  
  19  1:43  Overlord  
  19  1:54  Drone  
  20  2:02  Zergling x2  
  20  2:04  Zergling x2  
  20  2:05  Queen x2  
  26  2:14  Metabolic Boost  
  26  2:15  Drone  
  26  2:17  Drone  
  28  2:23  Drone  
  28  2:26  Drone  
  29  2:38  Drone x2  
  31  2:45  Overlord  
  31  2:51  Drone  
  31  3:00  Drone x2  
  31  3:02  Hatchery  
  32  3:06  Drone  
  32  3:10  Drone  
  34  3:15  Drone  
  34  3:16  Drone x4  
  34  3:19  Drone  
  40  3:21  Zergling x2  
  40  3:25  Zergling x2  
  42  3:31  Zergling x2  
  43  3:34  Zergling x2  
  44  3:41  Overlord  
  44  3:56  Overlord x2  
  44  4:06  Overlord  
  44  4:13  Queen x2  
  44  4:16  Zergling x8  
  44  4:17  Zergling x8  
  54  4:23  Queen  
  58  4:24  Drone  
  58  4:25  Drone x4  
  58  4:27  Zergling x2  
  64  4:31  Zergling x2  
  64  4:36  Drone x2  
  67  4:39  Extractor  
  67  4:40  Extractor  
  67  4:42  Drone  
  67  4:45  Baneling Nest  
  65  4:49  Drone x3  
  65  4:50  Drone x4  
  72  4:53  Drone  
  72  4:59  Drone  
  74  5:01  Overlord  
  74  5:02  Overlord  
  74  5:10  Overlord  
  74  5:19  Extractor  
  74  5:20  Drone x3  
  74  5:21  Drone  
  77  5:22  Zergling x4  
  77  5:25  Lair  
  69  5:42  Drone x6  
  75  5:43  Drone x5  
  75  5:44  Queen  
  75  5:46  Queen  
  84  5:51  Drone  
  84  5:52  Drone  
  84  5:56  Drone  
  82  6:06  Overlord x3  
  82  6:19  Evolution Chamber  
  82  6:20  Evolution Chamber, Overlord x2  
  82  6:22  Drone  
  82  6:23  Drone  
  82  6:27  Hydralisk Den  
  81  6:37  Zergling x8  
  81  6:38  Zergling x8  
  89  6:46  Zerg Melee Weapons Level 1  
  86  6:59  Hydralisk x3, Zergling x10  
  86  7:00  Hydralisk  
  88  7:11  Hydralisk x3  
  88  7:12  Hydralisk  
  87  7:23  Drone x5  
  87  7:25  Queen  
  87  7:27  Grooved Spines  
  87  7:28  Zerg Ground Armor Level 1  
  94  7:32  Drone x2  
  94  7:35  Queen  
  98  7:37  Drone  
  98  7:38  Drone  
  98  7:40  Drone  
  101  7:47  Drone  
  101  7:48  Drone  
  103  7:53  Baneling x2  
  103  7:54  Baneling x4  
  103  7:55  Drone x2  
  105  8:02  Zergling x4  
  106  8:09  Drone x3  
  106  8:11  Drone  
  106  8:12  Drone  
  109  8:13  Extractor  
  109  8:14  Extractor  
  109  8:18  Drone x2  
  109  8:25  Hydralisk x2  
  113  8:35  Hydralisk x3, Hatchery  
  113  8:36  Hydralisk x2  
  113  8:38  Overlord x3  
  122  8:44  Infestation Pit, Zerg Melee Weapons Level 2  
  122  8:46  Muscular Augments, Centrifical Hooks  
  122  8:47  Zergling x2  
  122  8:55  Overlord  
  122  8:56  Overlord  
  122  8:59  Drone x3  
  122  9:00  Drone x2  
  122  9:02  Hatchery  
  126  9:19  Hydralisk x2  
  126  9:20  Hydralisk x4  
  126  9:21  Hydralisk x2, Zergling x2  
  143  9:27  Zerg Ground Armor Level 2  
  121  9:42  Hydralisk x4, Zergling x6  
  121  9:43  Zergling x2  
  92  9:54  Hydralisk x2  
  92  9:55  Hydralisk, Zergling x4  
  87  10:05  Hydralisk, Zergling x2  
  87  10:06  Zergling x4  
  78  10:18  Drone x6  
  85  10:21  Drone  
  85  10:28  Drone  
  86  10:30  Drone x3  
  86  10:32  Drone  
  90  10:38  Drone x2  
  90  10:41  Drone  
  93  10:43  Drone x2  
  95  10:55  Hydralisk x2  
  95  10:56  Hydralisk, Zergling x4  
  104  10:57  Zergling x2  
  104  11:06  Drone  
  104  11:08  Drone  
  104  11:09  Drone x3  
  104  11:10  Extractor  
  108  11:12  Queen  
  108  11:15  Drone x4  
  108  11:16  Drone  
  113  11:23  Drone x4  
  113  11:24  Drone x2  
  113  11:25  Drone  
  98  11:31  Hydralisk  
  98  11:32  Zergling x4  
  102  11:33  Zergling x2  
  102  11:38  Drone x3  
  106  11:47  Hive, Drone  
  106  11:48  Drone x2  
  106  11:50  Queen  
  111  11:57  Queen  
  111  11:59  Extractor, Drone x2  
  111  12:00  Extractor, Drone  
  114  12:08  Hydralisk x2, Zergling x6  
  115  12:12  Baneling  
  115  12:13  Baneling x7  
  115  12:14  Baneling  
  121  12:23  Drone x7  
  128  12:44  Hydralisk x3, Zergling x6  
  112  12:45  Zergling x8  
  112  12:48  Hydralisk  
  112  12:49  Hydralisk  
  127  12:52  Hydralisk  
  127  12:58  Zergling x10  
  132  13:02  Ultralisk Cavern  
  128  13:11  Hydralisk  
  128  13:12  Hydralisk, Zergling x6  
  115  13:13  Zergling x8  
  115  13:19  Baneling x6  
  117  13:20  Hydralisk, Zergling x2, Baneling x4  
  117  13:21  Zergling x2  
  117  13:22  Hydralisk x2, Zergling x4  
  117  13:25  Queen  
  129  13:37  Hydralisk, Zergling x4  
  124  13:44  Hydralisk  
  124  13:45  Zergling x4  
  88  13:56  Zergling x8  
  88  13:58  Zergling x2  
  92  14:08  Hydralisk  
  92  14:09  Zergling x2  
  90  14:14  Ultralisk  
  79  14:20  Ultralisk  
  79  14:21  Ultralisk, Zergling x2  
  67  14:31  Zergling x6  
  67  14:32  Zergling x4  
  67  14:34  Zergling x2  
  69  14:44  Zergling x4  
Show
View Real Time Build Order
Export as new Build Order

Bufoor Terran - Winner!

Build Orders: Reaper Expand, Bio Tank 

Get SALT Encoding   

  12  0:01  SCV  
  13  0:13  SCV  
  14  0:18  Supply Depot  
  14  0:25  SCV  
  15  0:40  SCV  
  15  0:42  Barracks  
  16  0:44  Refinery  
  16  0:53  SCV  
  17  1:05  SCV  
  18  1:17  SCV  
  19  1:28  Reaper  
  19  1:29  Orbital Command  
  20  1:42  Command Center  
  20  1:53  Barracks  
  20  1:55  SCV  
  20  2:01  Barracks Reactor  
  21  2:08  SCV  
  21  2:10  Supply Depot  
  22  2:15  Refinery  
  22  2:21  SCV  
  23  2:26  Factory  
  23  2:38  Marine x2  
  23  2:41  SCV  
  23  2:42  Barracks Tech Lab  
  26  2:55  Marine  
  26  2:56  Marine  
  28  3:02  Stimpack, Marine  
  29  3:06  SCV  
  29  3:07  Orbital Command  
  30  3:16  Marine x2  
  32  3:23  Starport  
  32  3:24  Factory Reactor  
  32  3:33  SCV x2  
  34  3:35  Marine  
  34  3:36  Marine  
  34  3:37  Marine  
  37  3:46  SCV  
  38  3:52  SCV  
  38  3:53  Marine  
  38  3:54  Marine  
  41  3:55  Marine  
  41  4:00  SCV  
  43  4:04  SCV  
  43  4:09  Medivac  
  46  4:13  Medivac  
  48  4:17  Supply Depot  
  48  4:18  SCV x2  
  48  4:19  Marine x2  
  48  4:20  Supply Depot, Marine  
  53  4:30  SCV  
  54  4:36  Engineering Bay  
  54  4:39  SCV, Engineering Bay  
  54  4:42  SCV  
  54  4:44  Supply Depot  
  56  4:51  SCV  
  56  4:52  Marine x3  
  59  4:54  Factory Tech Lab  
  59  4:57  Medivac  
  59  4:59  SCV  
  63  5:03  Terran Infantry Armor Level 1  
  63  5:07  Terran Infantry Weapons Level 1  
  63  5:11  SCV  
  63  5:12  SCV  
  65  5:16  Marine x3  
  68  5:35  Marine x2  
  68  5:38  Marine  
  68  5:40  SCV x2  
  68  5:42  Refinery  
  72  5:44  Command Center  
  72  5:52  SCV  
  72  5:53  Barracks x2, Marine  
  74  5:59  Marine x2  
  73  6:09  Siege Tank  
  73  6:11  Marine  
  73  6:13  SCV  
  73  6:14  SCV  
  73  6:15  Liberator  
  73  6:16  Armory  
  73  6:17  Marine  
  76  6:19  Barracks  
  76  6:25  Marine  
  76  6:26  SCV  
  78  6:33  SCV, Supply Depot  
  78  6:38  SCV  
  83  6:45  SCV  
  84  6:56  Supply Depot  
  82  7:03  SCV x2  
  82  7:05  Marine x2  
  82  7:06  Barracks Reactor x2  
  82  7:08  Barracks Reactor, Orbital Command  
  86  7:13  Command Center  
  86  7:15  SCV  
  87  7:16  Marine  
  87  7:20  Siege Tank  
  91  7:23  Marine x2  
  91  7:24  Refinery, Factory  
  93  7:33  Marine  
  93  7:35  Orbital Command  
  94  7:37  SCV  
  94  7:38  SCV  
  94  7:41  Marine  
  97  7:46  Marine x2  
  97  7:47  Marine  
  97  7:48  Supply Depot  
  97  7:49  SCV  
  97  7:50  SCV  
  102  7:51  Bunker  
  102  7:56  Marine x3  
  102  7:57  Marine x2  
  107  7:59  Marine  
  107  8:01  SCV  
  107  8:02  SCV x2  
  107  8:04  Marine  
  109  8:14  SCV x3  
  109  8:18  Marine  
  109  8:19  Marine x6  
  119  8:22  Marine  
  119  8:24  Terran Infantry Weapons Level 2  
  119  8:25  Terran Infantry Armor Level 2  
  119  8:26  SCV  
  121  8:27  Terran Vehicle Weapons Level 1  
  121  8:31  Factory Tech Lab  
  121  8:34  Combat Shields  
  121  8:37  SCV  
  121  8:38  SCV x2  
  124  8:42  Supply Depot x2  
  124  8:43  Marine x2  
  124  8:44  Marine  
  127  8:53  SCV x2  
  127  8:54  SCV  
  130  8:57  Supply Depot  
  130  8:59  Refinery, Marine x3  
  130  9:00  Marine x3  
  130  9:01  Refinery  
  136  9:04  Siege Tank  
  136  9:05  Siege Tank, SCV  
  136  9:07  Marine x2  
  136  9:08  SCV x2  
  147  9:12  Supply Depot x2  
  147  9:16  Orbital Command  
  147  9:18  SCV  
  147  9:20  SCV x2, Supply Depot  
  140  9:41  Marine x4  
  135  9:51  Marine  
  135  9:52  Marine x2  
  136  9:54  Siege Tank x2, Marine x2  
  136  9:56  SCV x4  
  136  9:58  Marine  
  136  9:59  Marine x2  
  144  10:02  Medivac x2  
  144  10:03  Barracks  
  144  10:05  Starport  
  130  10:07  Barracks  
  130  10:13  Marine  
  130  10:14  Marine x5  
  119  10:16  Marine x2  
  119  10:19  Refinery  
  119  10:20  Refinery  
  125  10:22  Supply Depot  
  125  10:24  Supply Depot  
  125  10:25  Marine  
  125  10:26  Siege Tank  
  125  10:27  Siege Tank, Sensor Tower  
  132  10:31  Marine x2  
  132  10:34  Medivac x2  
  132  10:35  Marine x3  
  138  10:36  Marine  
  142  10:46  Marine x3  
  142  10:49  Marine x2  
  147  10:50  Starport Tech Lab  
  147  10:52  Barracks Tech Lab  
  147  10:53  Barracks Tech Lab, Marine  
  147  10:55  Factory  
  148  10:58  Siege Tank  
  148  11:02  Command Center  
  151  11:08  Terran Infantry Weapons Level 3  
  151  11:10  Terran Infantry Armor Level 3  
  151  11:22  Command Center  
  150  11:29  Marine x3  
  150  11:30  Marauder x2, Marine x5  
  150  11:31  Marine  
  150  11:32  Siege Tank  
  166  11:33  Terran Vehicle Weapons Level 2  
  166  11:40  High Capacity Fuel Tanks  
  166  11:43  Factory Tech Lab  
  166  11:44  SCV x2  
  168  11:47  Marine x2  
  168  11:48  Siege Tank  
  168  11:50  Medivac  
  175  12:08  Ghost Academy  
  175  12:18  Marauder x3, Marine x3  
  175  12:19  Marine x5  
  189  12:36  Marine x2  
  191  12:39  Marauder  
  191  12:40  Marauder x2  
  191  12:43  Medivac x2  
  195  12:49  Marine x5  
  200  13:11  Planetary Fortress  
  196  13:14  Refinery  
  196  13:15  Refinery  
  196  13:16  Ghost x3  
  196  13:17  Marine  
  196  13:18  Marine x3  
  200  13:23  Barracks x3  
  190  13:34  Marine x4  
  190  13:35  Marine  
  174  13:44  Marine x2  
  174  13:45  Ghost x2, Marine  
  174  13:46  Marauder  
  171  13:52  Marine x2  
  171  13:53  Siege Tank x2  
  171  13:54  Siege Tank  
  173  13:57  Liberator  
  173  13:58  Liberator  
  173  14:00  Liberator  
  173  14:02  Planetary Fortress  
  173  14:06  Command Center  
  173  14:07  Marauder  
  169  14:10  Sensor Tower  
  169  14:14  Marauder x2  
  172  14:19  Barracks Tech Lab x2  
  172  14:20  Barracks Tech Lab  
  170  14:28  Marauder  
  170  14:30  Marine x2  
  170  14:31  Marine x3  
  167  14:33  Marine x3  
  167  14:35  Marauder, Marine  
  175  14:43  Marine  
Tags
 
Add a new tag
Caveats
  • Supply blocks, unpowered buildings, or Contaminate may cause inaccurate times.
  • Supply counts are checked every 10 seconds.